 Dungeon Crawl Stone Soup version 0.23.2-33-g5129a83184 (webtiles) character file.

Game seed: 921325361332797051

81526 OnlyPython the Spry (level 15, -4/125 HPs)
             Began as a Merfolk Summoner on July 7, 2019.
             Was an Initiate of Gozag.
             Killed from afar by a deep elf mage (45 damage)
             ... with a bolt of lightning
             ... on level 1 of the Elven Halls on July 9, 2019.
             The game lasted 01:57:11 (40472 turns).

OnlyPython the Spry (Merfolk Summoner)             Turns: 40472, Time: 01:57:12

Health: -4/125     AC: 14    Str:  8    XL:     15   Next: 70%
Magic:  9/29       EV: 25    Int: 21    God:    Gozag
Gold:   4188       SH:  7    Dex: 18    Spells: 15/34 levels left

rFire    + . .     SeeInvis .   U - +7 demon trident (pierce)
rCold    . . .     Gourm    .   S - +0 buckler {AC+3}
rNeg     . . .     Faith    .   j - +0 troll leather armour
rPois    +         Spirit   .   v - +1 hat {MR+}
rElec    .         Reflect  .   L - scarf {cloud immunity}
rCorr    .         Harm     .   a - +2 pair of gloves {Dex+3}
MR       +++..                  Q - +2 pair of boots {Stlth+}
Stlth    ++++......             q - amulet of regeneration
HPRegen  1.10/turn              M - ring "Ruotyraz" {*Slow rPois rF+ MR+ Stlth+}
MPRegen  0.21/turn              B - +1 ring of slaying

@: gold aura, very slightly contaminated
A: change form in water, swift swim, stealthy swim
a: Potion Petition, Call Merchant, Bribe Branch, Renounce Religion


You were on level 1 of the Elven Halls.
You worshipped Gozag.
Gozag was most pleased with you.
You were not hungry.

You visited 8 branches of the dungeon, and saw 31 of its levels.
You also visited: Ice Cave.

You collected 8320 gold pieces.
You spent 1611 gold pieces at shops.
You paid 2521 gold pieces to Gozag.

Inventory:

Hand Weapons
 U - a +7 demon trident of piercing (weapon)
Missiles
 P - a throwing net (quivered)
Armour
 a - a +2 pair of gloves of dexterity (worn)
 j - a +0 troll leather armour (worn)
 v - a +1 hat of magic resistance (worn)
 L - a scarf of cloud immunity (worn)
 Q - a +2 pair of boots of stealth (worn)
 S - a +0 buckler of protection (worn)
Magical Staves
 u - an uncursed staff of wizardry
 I - an uncursed staff of fire
Jewellery
 q - an amulet of regeneration (around neck)
 B - a +1 ring of slaying (right hand)
 M - the ring "Ruotyraz" (left hand) {*Slow rPois rF+ MR+ Stlth+}
   (You bought it in a shop on level 3 of the Swamp)

   [ring of protection from fire]

   It protects you from fire.
   It protects you from poison.
   It affects your resistance to hostile enchantments.
   It may slow you when you take damage.
   It makes you more stealthy.
 Z - an uncursed ring of ice
Wands
 d - a wand of iceblast (9)
 f - a wand of clouds (5)
 h - a wand of paralysis (22)
 o - a wand of polymorph (15)
 s - a wand of digging (9)
 w - a wand of acid (25)
 C - a wand of flame (46)
 W - a wand of scattershot (6)
Scrolls
 b - 18 scrolls of remove curse
 e - 3 scrolls of fog
 g - 14 scrolls of teleportation
 m - 8 scrolls of immolation
 r - a scroll of enchant weapon
 y - 5 scrolls of amnesia
 D - 3 scrolls of enchant armour
 K - 3 scrolls of fear
 R - 2 scrolls of blinking
 T - a scroll of identify
 V - 3 scrolls of magic mapping
Potions
 i - 6 potions of might
 k - 3 potions of cancellation
 l - a potion of invisibility
 n - 2 potions of magic
 p - 2 potions of resistance
 t - 7 potions of curing
 A - 3 potions of flight
 E - 3 potions of agility
 F - 2 potions of lignification
 G - 3 potions of brilliance
 H - 3 potions of heal wounds
 J - 4 potions of mutation
 N - 2 potions of berserk rage
 O - 3 potions of ambrosia
Miscellaneous
 x - a phantom mirror
 X - a lamp of fire
Comestibles
 c - 8 rations


   Skills:
 + Level 13.9 Fighting
 * Level 13.2 Polearms
 + Level 17.3 Dodging
 - Level 2.1 Stealth
 + Level 8.2 Shields
 + Level 10.1 Spellcasting
 - Level 10.0 Summonings
 - Level 2.0 Translocations
 - Level 4.6 Ice Magic
 - Level 4.0 Air Magic


You had 15 spell levels left.
You knew the following spells:

 Your Spells              Type           Power        Failure   Level  Hunger
b - Spectral Weapon       Hex/Chrm       ##......     28%         3    None
c - Call Canine Familiar  Summ           ######..     1%          3    None
d - Summon Lightning Spi  Summ/Air       #####...     5%          4    ##.....
e - Summon Ice Beast      Ice/Summ       #####...     4%          4    ##.....
f - Blink                 Tloc           N/A          6%          2    None
i - Regeneration          Chrm/Necr      ##........   28%         3    None

Your spell library contained the following spells:

 Spells                   Type           Power        Failure   Level  Hunger
 Freeze                   Ice            ####         1%          1    None
 Summon Small Mammal      Summ           ####         1%          1    None
 Call Imp                 Summ           ######..     1%          2    None
 Summon Guardian Golem    Hex/Summ       ####....     3%          3    None
 Apportation              Tloc           ###...       4%          1    None
 Ensorcelled Hibernation  Hex/Ice        ###...       5%          2    None
 Throw Frost              Conj/Ice       ###...       5%          2    None
 Animate Skeleton         Necr           N/A          10%         1    None
 Confusing Touch          Hex            ##....       10%         1    None
 Corona                   Hex            ##.....      10%         1    None
 Infusion                 Chrm           ##..         10%         1    None
 Magic Dart               Conj           ##..         10%         1    None
 Pain                     Necr           ##..         10%         1    None
 Shroud of Golubria       Chrm/Tloc      ##........   10%         2    None
 Ozocubu's Armour         Chrm/Ice       ###.....     11%         3    None
 Gell's Gravitas          Tloc           ###.......   12%         3    None
 Slow                     Hex            ##......     14%         2    None
 Song of Slaying          Chrm           ##......     14%         2    None
 Mephitic Cloud           Conj/Pois/Air  ###.....     16%         3    None
 Confuse                  Hex            ##......     28%         3    None
 Conjure Flame            Conj/Fire      ##......     28%         3    None
 Dazzling Spray           Conj/Hex       ##....       28%         3    None
 Tukima's Dance           Hex            ##......     28%         3    None
 Vampiric Draining        Necr           ##........   28%         3    None
 Ice Form                 Ice/Tmut       ###.....     36%         4    ##.....
 Throw Icicle             Conj/Ice       ###.....     36%         4    ##.....
 Animate Dead             Necr           N/A          67%         4    ##.....
 Petrify                  Tmut/Erth      ##......     67%         4    ##.....
 Metabolic Englaciation   Hex/Ice        ###.......   71%         5    ####...
 Ozocubu's Refrigeration  Ice            ####......   91%         6    ######.
 Bolt of Magma            Conj/Fire/Erth ##........   95%         5    ####...
 Iskenderun's Battlesphe  Conj/Chrm      ##......     95%         5    ####...
 Venom Bolt               Conj/Pois      ##........   95%         5    ####...
 Yara's Violent Unravell  Hex/Tmut       ##........   95%         5    ####...
 Bolt of Cold             Conj/Ice       ###.......   99%         6    ######.
 Freezing Cloud           Conj/Ice/Air   ###.......   99%         6    ######.
 Simulacrum               Ice/Necr       ###.......   99%         6    ######.
 Iron Shot                Conj/Erth      ##........   100%        6    ######.
 Orb of Destruction       Conj           ##........   100%        7    #######
 Spellforged Servitor     Conj/Summ      ####......   100%        7    #######


Dungeon Overview and Level Annotations

Branches:
Dungeon (15/15)            Temple (1/1) D:7            Lair (6/6) D:9
  Swamp (4/4) Lair:3        Snake (1/4) Lair:4        Slime (0/5) Lair:6
    Orc (2/2) D:12            Elf (1/3) Orc:2        Vaults (0/5) D:13
 Depths (1/5) D:15

Altars:
Ashenzari
Cheibriados
Dithmenos
Elyvilon
Fedhas
Gozag
Hepliaklqana
Kikubaaqudgha
Makhleb
Nemelex Xobeh
Okawaru
Qazlal
Ru
Sif Muna
Trog
Uskayaw
Vehumet
Wu Jian
Xom
Yredelemnul
Zin
The Shining One
Beogh
Jiyva

Shops:
D:12 [   D:13 [   Orc:2 :}[*   Elf:1 :   Swamp:3 =%=

Annotations:
D:4 Sigmund
D:5 2 transporters, grerr's ghost, novice DsAK
D:6 Dowan; Duvessa
D:15 exclusion: downstairs
Lair:1 Gastronok
Lair:4 exclusion: downstairs
Lair:6 exclusion: oklob plant
Swamp:3 1 runed translucent door, exclusion: downstairs, rupin's ghost, adept FoEn
Swamp:4 Nikola


Message History

Something smites you!
The deep elf mage casts a spell.
The deep elf mage blinks!
Your ice beast hits the deep elf mage.
Your ice beast freezes the deep elf mage!
Unknown command.
Casting: Summon Ice Beast (safe; 4% risk of failure)
Confirm with . or Enter, or press ? or * to list all spells.
Aiming: Summon Lightning Spire (safe; 5% risk of failure)
Press: ? - help, Dir - move target cursor, f - ice beast
Aim: an ice beast (friendly, summoned)
Okay, then.
You swap places.
The deep elf high priest unwields a +0 short sword.
The deep elf high priest wields a +0 shortbow.
The deep elf high priest shoots an arrow.
The arrow hits your ice beast but does no damage.
The deep elf mage casts a spell at you. The bolt of lightning hits you!!!
You die...
Your body crumbles into a pile of gold.

#........##
#.##.....(#
#....e...##
#.##....## #.°○YYe##
#####$'# #$$## #Y..#
##@.# #..# ####
##)'## ##..##
##....## #....##
#......#
#.....#######......#
##......'...##..)...#
.'......'....'.).>..#
.'...).###...'......#


You could see a deep elf high priest, a deep elf mage and 3 friendly ice beasts.

Vanquished Creatures
  Louise (D:14)
  A deep elf sorcerer (Elf:1)
  A deep elf elementalist (Elf:1)
  2 dire elephants
  4 hydras
  4 ghost crabs
  3 two-headed ogres
  A shambling mangrove (Swamp:3)
  6 alligators
  2 orc high priests (Orc:2)
  2 deep elf knights (Elf:1)
  A spriggan druid (Swamp:3)
  A deep elf archer (D:13)
  A necromancer (D:13)
  2 swamp dragons (Swamp:4)
  11 deep elf magi (Elf:1)
  3 orc knights
  2 orc sorcerers (Orc:2)
  A wolf spider (D:15)
  2 ugly things (D:15)
  6 elephants
  2 black mambas (Lair:6)
  3 spiny frogs
  A naga mage (D:15)
  3 torpor snails (Lair:2)
  A rime drake (Lair:6)
  A kobold demonologist (D:12)
  An ice devil (Lair:2)
  A tengu conjurer (D:13)
  2 hornets
  A troll (D:13)
  2 polar bears
  9 tyrant leeches
  5 blink frogs
  A dream sheep (Lair:4)
  4 bog bodies
  5 slime creatures
  2 hippogriffs
  A shadow (Swamp:4)
  2 wraiths
  A wyvern (Lair:4)
  2 spriggans
  A water elemental (Elf:1)
  2 fire elementals
  3 yaks
  10 humans (D:13)
  A basilisk (Lair:4)
  A steam dragon (Lair:4)
  9 vampire mosquitoes
  A hungry ghost (D:13)
  5 insubstantial wisps (Swamp:2)
  4 wargs
  2 water moccasins
  4 swamp worms
  A porcupine (Lair:2)
  9 orc warriors
  6 swamp drakes
  A black bear (Lair:6)
  An eye of draining (D:13)
  A sky beast (D:5)
  An ice beast (D:13)
  6 ogres
  2 wolves
  6 centaurs
  6 bullfrogs
  A scorpion (D:10)
  A killer bee (D:12)
  2 wights (D:8)
  4 howler monkeys
  A bullfrog zombie (D:13)
  11 crimson imps
  3 centaur zombies
  11 orc priests
  4 hounds
  8 orc wizards
  3 bullfrog skeletons
  4 iguanas
  6 worker ants
  A hound zombie (D:11)
  2 hound skeletons
  A gnoll (D:7)
  9 adders
  A howler monkey skeleton (D:8)
  A shadow imp (D:13)
  An ooze (D:5)
  An adder skeleton (D:7)
  2 dart slugs
  5 leopard geckos
  42 orcs
  4 giant cockroaches
  2 hobgoblins
  8 jackals
  4 kobolds
  A quokka (D:2)
  2 ball pythons
  7 bats
  3 frilled lizards
  4 goblins
  2 jackal skeletons
  A leopard gecko skeleton (D:6)
  A leopard gecko zombie (D:5)
  10 rats
364 creatures vanquished.

Vanquished Creatures (collateral kills)
  Rupert (Lair:2)
  2 thorn hunters (Swamp:3)
  Agnes (D:14)
  Azrael (D:14)
  Josephine (D:14)
  8 hydras
  A catoblepas (Lair:6)
  An ogre mage (Orc:2)
  An alligator (Swamp:2)
  A deep troll shaman (Lair:6)
  2 dancing weapons (Elf:1)
  4 two-headed ogres
  3 death yaks (Lair:6)
  An orc high priest (Orc:2)
  A deep elf knight (Elf:1)
  Sonja (Lair:4)
  3 swamp dragons
  A wizard (D:13)
  A deep elf archer (Elf:1)
  2 spriggan druids
  Pikel (D:6)
  4 orc knights
  5 ugly things
  An orc sorcerer (Orc:2)
  An oklob plant (Lair:6)
  6 deep elf magi
  A cyclops (D:13)
  A manticore (D:14)
  7 elephants
  A moth of wrath (D:14)
  A guardian serpent (Lair:4)
  A torpor snail (Lair:2)
  8 spiny frogs
  A rime drake (Lair:3)
  3 komodo dragons
  A yaktaur (D:13)
  4 ice devils
  A tengu conjurer (D:13)
  A polar bear (Lair:3)
  3 meliai (D:14)
  2 trolls
  A bog body (Swamp:1)
  Prince Ribbit (Lair:1)
  3 dream sheep (Lair:4)
  4 tyrant leeches
  5 slime creatures
  7 hippogriffs
  6 blink frogs
  A spriggan (Swamp:3)
  4 wraiths
  A fire elemental (D:14)
  A wyvern (D:12)
  10 yaks
  10 humans (D:13)
  A basilisk (Lair:4)
  12 vampire mosquitoes
  3 hungry ghosts
  A warg (D:15)
  An insubstantial wisp (Swamp:2)
  7 swamp worms
  5 water moccasins
  5 porcupines
  2 acid dragons
  3 hell hounds (D:14)
  3 swamp drakes
  16 orc warriors
  3 sky beasts
  2 slaves (D:6)
  4 phantoms
  3 black bears
  An ice beast (D:11)
  9 ogres
  7 wolves
  2 centaurs
  2 crocodiles
  5 bullfrogs
  A gnoll sergeant (D:7)
  A scorpion (D:7)
  5 killer bees (D:12)
  6 wights
  3 howler monkeys (D:9)
  An electric eel (Lair:2)
  3 crimson imps
  A quasit (D:9)
  A bullfrog zombie (D:11)
  A jelly (D:9)
  6 orc wizards
  A centaur skeleton (D:7)
  9 orc priests
  6 hounds
  4 worker ants
  An iguana (D:5)
  A howler monkey zombie (D:9)
  6 adders
  4 gnolls (D:7)
  A howler monkey skeleton (D:4)
  3 shadow imps
  3 dart slugs (D:1)
  A leopard gecko (D:6)
  45 orcs
  3 giant cockroaches
  3 goblins
  3 hobgoblins
  4 jackals
  2 quokkas
  6 bats
  2 frilled lizards (D:1)
  A kobold (D:1)
  3 rats (D:1)
  2 fungi
385 creatures vanquished.

Vanquished Creatures (others)
  An unseen horror (D:13)
  An orc wizard (Orc:2)
  4 briar patches (Swamp:3)
  7 fungi
  10 plants
23 creatures vanquished.

Grand Total: 772 creatures vanquished

Notes
Turn   | Place    | Note
-------+----------+-------------------------------------------
     0 | D:1      | OnlyPython the Merfolk Summoner began the quest for the
                  | Orb.
     0 | D:1      | Reached XP level 1. HP: 13/13 MP: 3/3
   128 | D:1      | Reached skill level 3 in Dodging
   179 | D:1      | Reached XP level 2. HP: 13/19 MP: 3/5
   200 | D:1      | Learned a level 2 spell: Call Imp
   768 | D:1      | Reached XP level 3. HP: 24/24 MP: 6/6
   921 | D:1      | Learned a level 3 spell: Call Canine Familiar
  1797 | D:2      | Reached XP level 4. HP: 28/30 MP: 3/8
  2148 | D:3      | Reached skill level 4 in Dodging
  2699 | D:3      | Reached XP level 5. HP: 27/35 MP: 4/9
  2794 | D:3      | Learned a level 4 spell: Summon Lightning Spire
  3888 | D:4      | Found a shimmering altar of Xom.
  3927 | D:4      | Reached skill level 5 in Summonings
  3984 | D:4      | Noticed Sigmund
  4099 | D:4      | Noticed an ogre
  4122 | D:4      | Killed an ogre
  4122 | D:4      | Reached skill level 1 in Air Magic
  4345 | D:4      | Reached XP level 6. HP: 34/41 MP: 4/11
  4584 | D:5      | Entered Level 5 of the Dungeon
  4803 | D:5      | Found a transporter.
  4805 | D:5      | Noticed grerr's ghost (novice DsAK)
  4808 | D:5      | Found a transporter.
  4808 | D:5      | Identified the +10 great mace "Fuvith" {vamp, rC++ Str+4
                  | Int-3}
  5037 | D:5      | Reached skill level 5 in Dodging
  5433 | D:5      | Reached XP level 7. HP: 39/46 MP: 12/12
  6527 | D:6      | Noticed Dowan
  6789 | D:7      | Found a staircase to the Ecumenical Temple.
  6871 | D:7      | Noticed a hippogriff
  7041 | D:6      | Noticed Duvessa
  7363 | D:6      | Noticed Pikel
  7379 | D:6      | Killed Pikel
  7379 | D:6      | Reached skill level 6 in Dodging
  7379 | D:6      | Reached XP level 8. HP: 52/52 MP: 10/14
  7908 | Temple   | Entered the Ecumenical Temple
  8188 | Temple   | Became a worshipper of Gozag Ym Sagoz the Greedy
  8272 | D:7      | Killed a hippogriff
  8432 | D:7      | Noticed a hippogriff
  8447 | D:7      | Killed a hippogriff
  8895 | D:7      | Reached skill level 7 in Dodging
  9193 | D:7      | Reached skill level 5 in Spellcasting
  9193 | D:7      | Reached XP level 9. HP: 58/58 MP: 11/16
  9203 | D:7      | Reached skill level 1 in Fighting
  9872 | D:8      | You fall through a shaft for 3 floors!
 10324 | D:11     | Noticed a two-headed ogre
 10356 | D:11     | Killed a two-headed ogre
 10356 | D:11     | Reached skill level 8 in Dodging
 11020 | D:12     | Learned a level 3 spell: Regeneration
 11092 | D:10     | Entered Level 10 of the Dungeon
 11985 | D:9      | Found a staircase to the Lair.
 11992 | D:9      | Reached XP level 10. HP: 72/73 MP: 14/19
 12206 | D:8      | Reached skill level 9 in Dodging
 12925 | D:8      | Reached skill level 5 in Fighting
 14231 | D:10     | Reached skill level 10 in Dodging
 14807 | Lair:1   | Entered Level 1 of the Lair of Beasts
 14811 | Lair:1   | Noticed a spiny frog
 14811 | Lair:1   | Noticed a spiny frog
 14820 | Lair:1   | Killed a spiny frog
 14931 | Lair:1   | Killed a spiny frog
 15452 | Lair:1   | Reached skill level 10 in Summonings
 15457 | Lair:1   | Found a shattered altar of Ashenzari.
 15500 | Lair:1   | Noticed Prince Ribbit
 15502 | Lair:1   | Reached XP level 11. HP: 83/83 MP: 17/21
 15509 | Lair:1   | Killed Prince Ribbit
 15530 | Lair:1   | Reached skill level 11 in Dodging
 15897 | Lair:1   | Noticed Gastronok
 16170 | Lair:2   | Found a frozen archway.
 16196 | IceCv    | Entered an ice cave
 16727 | Lair:2   | Found a snail-covered altar of Cheibriados.
 17928 | Lair:3   | Noticed Rupert
 17954 | Lair:3   | Reached skill level 12 in Dodging
 18560 | Lair:2   | Killed Rupert
 19043 | Lair:3   | Found a staircase to the Swamp.
 20180 | Lair:4   | Reached skill level 13 in Dodging
 20446 | Lair:4   | Reached skill level 10 in Fighting
 20700 | Lair:4   | Noticed Sonja
 20722 | Lair:4   | Reached XP level 12. HP: 60/97 MP: 18/22
 21418 | Lair:4   | Noticed a seven-headed hydra
 21423 | Lair:4   | Found a staircase to the Snake Pit.
 21624 | Lair:4   | Killed Sonja
 21680 | Lair:4   | Reached skill level 14 in Dodging
 21808 | Lair:4   | Killed a seven-headed hydra
 22093 | Lair:5   | Noticed a seven-headed hydra
 22144 | Lair:5   | Killed a seven-headed hydra
 22624 | Lair:6   | Entered Level 6 of the Lair of Beasts
 22755 | Lair:5   | Learned a level 4 spell: Summon Ice Beast
 23296 | D:12     | Noticed a two-headed ogre
 23317 | D:12     | Killed a two-headed ogre
 23317 | D:12     | Reached skill level 1 in Shields
 23460 | D:12     | Found a staircase to the Orcish Mines.
 23510 | D:12     | Reached skill level 1 in Ice Magic
 23527 | D:12     | Found Fixokkou's Armour Boutique.
 24601 | D:13     | Found a gate to the Vaults.
 25226 | D:13     | Reached skill level 15 in Dodging
 25391 | D:13     | Noticed a four-headed hydra
 25399 | D:13     | Killed a four-headed hydra
 25399 | D:13     | Reached XP level 13. HP: 87/107 MP: 20/24
 25727 | D:13     | Found Oxkutygi's Antique Armour Shoppe.
 26147 | D:14     | Noticed Azrael
 26279 | D:14     | Noticed Louise
 26319 | D:14     | Killed Louise
 26538 | D:12     | Bought a +2 pair of gloves of dexterity for 258 gold pieces
 26550 | D:12     | Learned a level 6 spell: Bolt of Cold
 26700 | D:14     | Reached skill level 1 in Polearms
 27261 | D:14     | Noticed Josephine
 27279 | D:14     | Killed Josephine
 27526 | D:15     | Entered Level 15 of the Dungeon
 27728 | D:14     | Killed Azrael
 27825 | D:15     | Noticed Nessos
 27825 | D:15     | Noticed Agnes
 27828 | D:14     | Noticed Nessos
 27828 | D:14     | Nessos changed into Nessos the moth of wrath
 27833 | D:14     | Killed Nessos the moth of wrath
 28076 | D:14     | Killed Agnes
 28859 | D:15     | Found a staircase to the Depths.
 28859 | D:15     | Noticed a dire elephant
 29109 | D:10     | Reached skill level 5 in Shields
 29523 | Lair:6   | Reached skill level 5 in Polearms
 29766 | Lair:6   | Found a staircase to the Slime Pits.
 29768 | Lair:6   | Found a viscous altar of Jiyva.
 30540 | Lair:6   | Reached XP level 14. HP: 116/116 MP: 18/26
 30589 | Lair:6   | Noticed a dire elephant
 30606 | Lair:6   | Reached skill level 16 in Dodging
 30630 | Lair:6   | Killed a dire elephant
 31226 | Orc:1    | Entered Level 1 of the Orcish Mines
 31606 | Orc:1    | Learned a level 3 spell: Spectral Weapon
 31914 | Orc:2    | Entered Level 2 of the Orcish Mines
 32497 | Orc:2    | Found a roughly hewn altar of Beogh.
 32579 | Orc:2    | Found a staircase to the Elven Halls.
 33354 | Orc:2    | Found Konoteci's Book Shoppe.
 33354 | Orc:2    | Found Zicud's Assorted Antiques.
 33380 | Orc:2    | Found Coynom's Antique Armour Boutique.
 33380 | Orc:2    | Found Urriul's Gadget Shoppe.
 33392 | Orc:2    | Bought a book of Minor Magic for 200 gold pieces
 33583 | Orc:2    | Learned a level 2 spell: Blink
 33702 | D:15     | Killed a dire elephant
 34087 | Depths:1 | Entered Level 1 of the Depths
 34087 | Depths:1 | Noticed a frost giant
 34367 | Swamp:1  | Entered Level 1 of the Swamp
 34774 | Swamp:1  | Reached skill level 10 in Polearms
 34774 | Swamp:1  | Reached skill level 1 in Translocations
 36624 | Swamp:3  | Noticed a thorn hunter
 36731 | Swamp:3  | Killed a thorn hunter
 36975 | Swamp:3  | Found a runed translucent door.
 36975 | Swamp:3  | Noticed rupin's ghost (adept FoEn)
 37268 | Swamp:3  | Bought a ration for 70 gold pieces
 37268 | Swamp:3  | Bought a ration for 70 gold pieces
 37268 | Swamp:3  | Bought a ration for 70 gold pieces
 37268 | Swamp:3  | Bought a ration for 70 gold pieces
 37268 | Swamp:3  | Bought a ration for 70 gold pieces
 37268 | Swamp:3  | Bought a ration for 70 gold pieces
 37268 | Swamp:3  | Bought a ration for 70 gold pieces
 37306 | Swamp:3  | Noticed a thorn hunter
 37319 | Swamp:3  | Killed a thorn hunter
 37319 | Swamp:3  | Reached XP level 15. HP: 112/124 MP: 11/28
 38216 | Swamp:4  | Entered Level 4 of the Swamp
 38218 | Swamp:4  | Noticed Nikola
 38555 | Swamp:4  | Reached skill level 17 in Dodging
 39280 | Snake:1  | Entered Level 1 of the Snake Pit
 39358 | Swamp:3  | Bought the ring "Ruotyraz" {*Slow rPois rF+ MR+ Stlth+} for
                  | 663 gold pieces
 39658 | Elf:1    | Entered Level 1 of the Elven Halls
 39868 | Elf:1    | Found Qoweimas's Book Shoppe.
 40026 | Elf:1    | Reached skill level 10 in Spellcasting
 40438 | Elf:1    | Noticed a deep elf elementalist
 40449 | Elf:1    | Noticed a deep elf sorcerer
 40460 | Elf:1    | Killed a deep elf elementalist
 40468 | Elf:1    | Killed a deep elf sorcerer
 40472 | Elf:1    | Killed from afar by a deep elf mage

Skill      XL: |  1  2  3  4  5  6  7  8  9 10 11 12 13 14 15 |
---------------+----------------------------------------------+-----
Dodging        | 3 4 5 6 7 8 10 13 15 16 17 | 17.3
Spellcasting   | 3 4 5 6 7 8 9 10 | 10.1
Summonings     | 5 6 7 8 10 | 10.0
Air Magic      | 1 2 3 4 |  4.0
Fighting       | 4 6 10 11 12 13 | 13.9
Shields        | 4 5 7 8 |  8.2
Ice Magic      | 3 4 |  4.6
Polearms       | 7 11 13 | 13.2
Translocations | 2 |  2.0
Stealth        | |  2.1

Action                   |  1- 3 |  4- 6 |  7- 9 | 10-12 | 13-15 || total
-------------------------+-------+-------+-------+-------+-------++-------
Melee: Unarmed           |    34 |       |       |       |       ||    34
       Short sword       |    72 |    83 |       |       |       ||   155
       Lajatang          |       |    36 |    69 |       |       ||   105
       Whip              |       |       |   138 |   423 |   149 ||   710
       Tailslap          |       |       |     1 |       |    17 ||    18
       Demon trident     |       |       |       |       |   907 ||   907
       Staff             |       |       |       |       |    97 ||    97
 Cast: Summon Small Mamm |     9 |       |       |       |       ||     9
       Call Imp          |    30 |    17 |    15 |       |     4 ||    66
       Call Canine Famil |       |    21 |    21 |    38 |    33 ||   113
       Summon Lightning  |       |       |    32 |   123 |    86 ||   241
       Summon Ice Beast  |       |       |       |       |   231 ||   231
       Regeneration      |       |       |       |       |     4 ||     4
       Blink             |       |       |       |       |     2 ||     2
Invok: Call Merchant     |       |       |       |       |     3 ||     3
Evoke: Wand              |       |       |     2 |     3 |     9 ||    14
  Use: Scroll            |       |     9 |     6 |    10 |    20 ||    45
       Potion            |       |       |     1 |     1 |       ||     2
 Stab: Sleeping          |     8 |    10 |     7 |     4 |     9 ||    38
       Distracted        |       |       |     1 |    10 |    34 ||    45
  Eat: Chunk             |     4 |    12 |     2 |       |       ||    18
       Ration            |       |     1 |     8 |    18 |    22 ||    49
Armor: Robe              |    37 |    31 |    26 |    40 |    14 ||   148
       Troll leather arm |       |       |       |       |   139 ||   139
Dodge: Dodged            |   124 |   124 |   219 |   462 |   836 ||  1765
Block: Buckler           |       |       |       |       |   237 ||   237
